 Dungeon Crawl Stone Soup version 0.24.0-13-gcf9b3192b9 (webtiles) character file.

Game seed: 6695636200443722740, levelgen mode: deterministic

116169 SaintRoka the Thaumaturge (level 16, -5/126 HPs)
             Began as a Gnoll Skald on Nov 6, 2019.
             Was a Priest of Cheibriados.
             Slain by a shambling mangrove (16 damage)
             ... on level 3 of the Swamp.
             The game lasted 01:32:17 (20675 turns).

SaintRoka the Thaumaturge (Gnoll Skald)            Turns: 20675, Time: 01:32:18

Health: -5/126     AC: 22    Str: 22    XL:     16   Next: 70%
Magic:  40/40      EV: 15    Int: 29    God:    Cheibriados [***...]
Gold:   322        SH: 13    Dex: 21    Spells: 10/38 levels left

rFire    . . .     SeeInvis .   u - +4 broad axe (freeze)
rCold    . . .     Gourm    .   E - +0 shield
rNeg     . . .     Faith    .   Q - +0 plate armour
rPois    +         Spirit   .   q - +0 helmet
rElec    .         Reflect  .   T - +0 cloak
rCorr    .         Harm     .   S - +1 pair of gloves
MR       +....                  N - +0 pair of boots
Stlth    +.........             p - amulet of the acrobat
HPRegen  0.00/turn              A - +4 ring of evasion
MPRegen  0.27/turn              Z - ring of magical power

@: about to teleport, marked, grasped by roots, constricted, very slow
A: distributed training, fangs 1, talons 1, poison resistance, inhibited
regeneration, strong nose
a: Bend Time, Temporal Distortion, Renounce Religion


You were on level 3 of the Swamp.
You worshipped Cheibriados.
Cheibriados was most pleased with you.
You were not hungry.

You visited 6 branches of the dungeon, and saw 28 of its levels.
You also visited: Ice Cave.

You collected 2267 gold pieces.
You spent 1945 gold pieces at shops.

Inventory:

Hand Weapons
 u - a +4 broad axe of freezing (weapon)
 U - a +0 morningstar of crushing
Missiles
 k - 421 arrows
 m - 31 boomerangs
 o - 4 throwing nets
 v - 60 poisoned darts (quivered)
 C - 25 javelins
Armour
 q - a +0 helmet (worn)
 E - a +0 shield (worn)
 N - a +0 pair of boots (worn)
 Q - a +0 plate armour (worn)
 S - a +1 pair of gloves (worn)
 T - a +0 cloak (worn)
Magical Staves
 P - an uncursed staff of wizardry
Jewellery
 p - an amulet of the acrobat (around neck)
 r - an uncursed amulet of magic regeneration
 A - a +4 ring of evasion (left hand)
 I - a cursed -2 ring of evasion
 J - an uncursed ring of protection from fire
 O - an uncursed ring of protection from cold
 Y - an uncursed ring of protection from magic
 Z - a ring of magical power (right hand)
Wands
 b - a wand of digging (5)
 c - a wand of iceblast (8)
 j - a wand of enslavement (3)
 w - a wand of acid (4)
 B - a wand of polymorph (7)
 F - a wand of clouds (1)
 L - a wand of disintegration (15)
 W - a wand of flame (37)
Scrolls
 e - 7 scrolls of teleportation
 f - 6 scrolls of identify
 i - 2 scrolls of holy word
 l - 4 scrolls of immolation
 s - 10 scrolls of remove curse
 t - 3 scrolls of magic mapping
 x - a scroll of fear
 y - a scroll of summoning
 z - 5 scrolls of amnesia
 G - 7 scrolls of enchant armour
 H - a scroll of brand weapon
 R - a scroll of silence
 X - 2 scrolls of blinking
Potions
 a - 2 potions of ambrosia
 n - a potion of brilliance
 D - a potion of flight
 K - 3 potions of might
 M - 9 potions of curing
Miscellaneous
 g - a sack of spiders
 h - a lightning rod (4/4)
 V - a box of beasts
Comestibles
 d - 49 rations


   Skills:
 + Level 11.6 Fighting
 + Level 10.8 Short Blades
 + Level 10.8 Long Blades
 + Level 10.8 Axes
 + Level 10.8 Maces & Flails
 + Level 11.6 Polearms
 + Level 10.8 Staves
 + Level 10.8 Slings
 + Level 10.8 Bows
 + Level 10.8 Crossbows
 + Level 10.8 Throwing
 + Level 11.1 Armour
 + Level 11.6 Dodging
 + Level 10.8 Stealth
 + Level 10.8 Shields
 + Level 10.8 Unarmed Combat
 + Level 11.7 Spellcasting
 + Level 9.1 Conjurations
 + Level 9.1 Hexes
 + Level 10.6 Charms
 + Level 9.1 Summonings
 + Level 9.1 Necromancy
 + Level 9.1 Translocations
 + Level 9.1 Transmutations
 + Level 9.1 Fire Magic
 + Level 9.1 Ice Magic
 + Level 9.1 Air Magic
 + Level 9.1 Earth Magic
 + Level 9.1 Poison Magic
 + Level 11.6 Invocations
 + Level 10.8 Evocations


You had 10 spell levels left.
You knew the following spells:

 Your Spells              Type           Power        Failure   Level  Hunger
a - Apportation           Tloc           ######       1%          1    None
b - Shroud of Golubria    Chrm/Tloc      ######       1%          2    None
c - Sticks to Snakes      Tmut           ######..     2%          2    None
d - Spectral Weapon       Hex/Chrm       ######..     3%          3    None
e - Spider Form           Tmut/Pois      ######....   4%          3    None
f - Confusing Touch       Hex            ######       1%          1    None
g - Confuse               Hex            ######..     4%          3    None
h - Blade Hands           Tmut           ######....   41%         5    ##.....
i - Infusion              Chrm           ####         1%          1    None
j - Summon Lightning Spi  Summ/Air       ######..     16%         4    None
r - Regeneration          Chrm/Necr      ######....   3%          3    None

Your spell library contained the following spells:

 Spells                   Type           Power        Failure   Level  Hunger
 Animate Skeleton         Necr           N/A          1%          1    None
 Beastly Appendage        Tmut           ######       1%          1    None
 Corona                   Hex            ######.      1%          1    None
 Freeze                   Ice            ####         1%          1    None
 Magic Dart               Conj           ####         1%          1    None
 Pain                     Necr           ####         1%          1    None
 Shock                    Conj/Air       ####         1%          1    None
 Summon Small Mammal      Summ           ####         1%          1    None
 Song of Slaying          Chrm           ######..     1%          2    None
 Swiftness                Chrm/Air       ######..     1%          2    None
 Call Imp                 Summ           ######..     2%          2    None
 Corpse Rot               Necr           N/A          2%          2    None
 Searing Ray              Conj           ######       2%          2    None
 Sublimation of Blood     Necr           ######....   2%          2    None
 Throw Frost              Conj/Ice       ######       2%          2    None
 Ozocubu's Armour         Chrm/Ice       ######..     3%          3    None
 Call Canine Familiar     Summ           ######..     4%          3    None
 Dazzling Spray           Conj/Hex       ######       4%          3    None
 Gell's Gravitas          Tloc           ######....   4%          3    None
 Ignite Poison            Fire/Tmut/Pois ######..     4%          3    None
 Mephitic Cloud           Conj/Pois/Air  ######..     4%          3    None
 Recall                   Summ/Tloc      N/A          4%          3    None
 Static Discharge         Conj/Air       ######..     4%          3    None
 Summon Guardian Golem    Hex/Summ       ######..     4%          3    None
 Vampiric Draining        Necr           ######....   4%          3    None
 Airstrike                Air            ######....   16%         4    None
 Animate Dead             Necr           N/A          16%         4    None
 Cause Fear               Hex            ######....   16%         4    None
 Force Lance              Conj/Tloc      ######..     16%         4    None
 Fulminant Prism          Conj/Hex       ######....   16%         4    None
 Ice Form                 Ice/Tmut       ######..     16%         4    None
 Iskenderun's Mystic Bla  Conj           ######..     16%         4    None
 Olgreb's Toxic Radiance  Pois           ######..     16%         4    None
 Petrify                  Tmut/Erth      ######..     16%         4    None
 Summon Ice Beast         Ice/Summ       ######..     16%         4    None
 Throw Icicle             Conj/Ice       ######..     16%         4    None
 Excruciating Wounds      Chrm/Necr      ######....   32%         5    ##.....
 Agony                    Necr           ######..     41%         5    ##.....
 Aura of Abjuration       Summ           ######....   41%         5    ##.....
 Bolt of Draining         Conj/Necr      ######....   41%         5    ##.....
 Dispel Undead            Necr           ######..     41%         5    ##.....
 Lightning Bolt           Conj/Air       ######....   41%         5    ##.....
 Metabolic Englaciation   Hex/Ice        ######....   41%         5    ##.....
 Silence                  Hex/Air        ######....   41%         5    ##.....
 Summon Demon             Summ           ######....   41%         5    ##.....
 Summon Forest            Summ/Tloc      ######....   41%         5    ##.....
 Summon Mana Viper        Hex/Summ       ######..     41%         5    ##.....
 Yara's Violent Unravell  Hex/Tmut       ######....   41%         5    ##.....
 Deflect Missiles         Chrm/Air       ######....   87%         6    #####..
 Shadow Creatures         Summ           N/A          94%         6    #####..
 Discord                  Hex            ######....   100%        8    #######


Dungeon Overview and Level Annotations

Branches:
Dungeon (15/15)            Temple (1/1) D:6            Lair (6/6) D:8
  Swamp (3/4) Lair:2        Snake (1/4) Lair:3        Slime (0/5) Lair:5
    Orc (2/2) D:10            Elf (0/3) Orc:2        Vaults (0/5) D:14
  IceCv (visited)
 Depths: D:15

Altars:
Ashenzari
Cheibriados
Dithmenos
Hepliaklqana
Kikubaaqudgha
Makhleb
Nemelex Xobeh
Okawaru
Sif Muna
Uskayaw
Vehumet
Wu Jian
Xom
Zin
Beogh
Jiyva

Shops:
D:7 ?   D:13 *   D:14 !   Orc:2 *!*

Annotations:
D:10 1 runed translucent door
D:13 1 runed translucent door, Dirphi Vium's ghost, journeyman MiBe
Lair:3 exclusion: door
Lair:5 1 runed translucent door


Innate Abilities, Weirdness & Mutations

Your experience applies equally to all skills.
You have very sharp teeth.
Your uncanny sense of smell can sniff out nearby items.
You have sharp toenails.
Your system is resistant to poisons. (rPois)
You do not regenerate when monsters are visible.


Message History

Unknown command.
Unknown command.
Unknown command.
Unknown command.
As you read the scroll of teleportation, it crumbles to dust.
You feel strangely unstable.
You block the shambling mangrove's attack.
The grasping roots constrict you!!
The shambling mangrove hits you but does no damage.
Unknown command.
Unknown command.
Unknown command.
Unknown command.
Unknown command.
You hit the shambling mangrove but do no damage.
The shambling mangrove is moderately damaged.
You hit the shambling mangrove but do no damage.
The shambling mangrove hits you!!
* * * LOW HITPOINT WARNING * * *
You die...

♣≈≈.♣♣♣ ♣♣♣♣♣ ♣♣.≈...
.≈..≈♣♣♣♣♣♣...♣♣♣♣..≈.♣†
...≈.♣≈♣≈..≈≈.≈...≈≈.♣. ♣
♣.§§§≈≈≈.≈≈....≈≈≈≈...
♣♣.♣.§§§≈..≈≈..≈..≈≈≈≈.≈≈
♣.≈≈..§§§§≈≈≈≈≈≈..≈≈≈≈≈..
♣♣♣♣♣♣♣§§≈≈≈≈≈≈≈.♣.....♣.
♣§§≈≈≈≈≈≈≈♣†≈♣≈≈≈≈.
♣♣@f≈.≈≈≈≈♣♣♣♣.≈≈≈.
♣♣♣♣♣f♣♣♣♣♣♣♣ ♣.≈≈≈.
♣..≈○♣♣ ♣...♣♣ ♣♣.≈.S≈♣
♣♣♣♣♣ ♣≈§≈≈≈≈♣♣♣
♣.≈≈≈≈.≈≈♣ ♣♣♣.≈≈.≈.♣
♣.≈≈≈..≈≈. ∆ ♣.≈≈≈≈♣≈...♣


You could see 2 shambling mangroves.

Vanquished Creatures
  Kirke (Lair:6)
  An orc warlord (Orc:2)
  A reaper (IceCv)
  The ghost of Vasilisck the Thaumaturge, a journeyman DEFE of Vehumet (Lair:3)
  The ghost of AlterAsc the Brawler, a journeyman DrTm of Cheibriados (Lair:4)
  A minotaur (Lair:4)
  A fire dragon (Lair:6)
  A yaktaur captain (D:15)
  Harold (Lair:1)
  An ice dragon (D:14)
  7 hydras
  A catoblepas (D:13)
  2 shambling mangroves (Swamp:3)
  4 centaur warriors
  Erolcha (D:9)
  2 dancing weapons (D:14)
  5 two-headed ogres
  2 tengu warriors
  Erica (Lair:1)
  8 alligators
  8 death yaks (Lair:5)
  3 orc high priests (Orc:2)
  Urug (Lair:4)
  A fire crab (Lair:6)
  4 skeletal warriors (D:13)
  A hell knight (D:15)
  2 swamp dragons
  A phantasmal warrior (D:14)
  Pikel (D:6)
  A necromancer (Lair:3)
  A wolf spider zombie (D:12)
  2 deep elf magi
  2 cyclopes
  5 slime creatures
  4 orc knights (Orc:2)
  A manticore (D:14)
  9 ugly things
  5 orc sorcerers (Orc:2)
  2 ice statues (IceCv)
  Maurice (D:13)
  7 black mambas
  3 molten gargoyles (Lair:6)
  A torpor snail (Lair:6)
  6 elephants
  3 gargoyles
  5 centaur skeletons
  13 spiny frogs
  4 komodo dragons
  A tengu conjurer (D:15)
  3 kobold demonologists
  A freezing wraith (D:14)
  4 trolls
  6 ice devils (IceCv)
  A tyrant leech (Swamp:3)
  Grinder (D:4)
  Prince Ribbit (D:5)
  3 polar bears (D:14)
  14 blink frogs
  A hippogriff (shapeshifter) (D:14)
  3 hornets
  8 hippogriffs
  4 bog bodies
  17 dream sheep
  2 spriggans (Swamp:1)
  21 yaks
  12 wyverns
  A hungry ghost (D:12)
  5 basilisks
  3 steam dragons (Lair:6)
  A human (D:10)
  10 hogs
  9 vampire mosquitoes
  Menkaure (D:6)
  3 wargs
  2 acid dragons (D:14)
  3 nagas (Lair:3)
  4 hell hounds (Lair:6)
  A soldier ant (D:13)
  9 swamp worms
  12 water moccasins
  14 porcupines
  Duvessa (D:4)
  3 swamp drakes
  3 sky beasts
  18 orc warriors
  4 ice beasts
  2 phantoms
  2 eyes of draining
  2 necrophages
  14 wolves
  11 ogres
  9 centaurs
  12 crocodiles
  2 big kobolds
  21 bullfrogs
  A wyvern zombie (D:13)
  Dowan (D:4)
  4 wyvern skeletons
  3 scorpions
  10 killer bees
  9 howler monkeys
  6 crimson imps
  5 lava snakes (Lair:6)
  2 bullfrog zombies
  4 centaur zombies
  A quasit (D:7)
  6 hounds
  3 jellies
  15 orc priests
  2 bullfrog skeletons
  Jessica (D:2)
  5 iguanas
  Terence (D:2)
  9 worker ants
  17 orc wizards
  2 polar bear simulacra (Lair:3)
  A worker ant zombie (D:7)
  4 gnolls (Orc:2)
  11 adders
  A howler monkey skeleton (D:9)
  2 shadow imps
  11 white imps (IceCv)
  8 ufetubi (IceCv)
  5 worms
  A dart slug (D:1)
  4 leopard geckos
  68 orcs
  3 ball pythons (D:1)
  3 giant cockroaches
  5 goblins
  7 hobgoblins
  20 jackals
  24 kobolds
  5 quokkas
  5 bats
  5 frilled lizards
  A jackal skeleton (D:4)
  A jackal zombie (D:5)
  A quokka zombie (D:7)
  11 rats
  6 fungi
  6 plants
  A spectral weapon (D:9)
752 creatures vanquished.

Vanquished Creatures (collateral kills)
  A deep elf mage (D:13)
  A swamp worm (Swamp:1)
  2 swamp drakes (Swamp:1)
4 creatures vanquished.

Vanquished Creatures (others)
  A centaur warrior (D:15)
  An unseen horror (D:13)
  A centaur (D:6)
  A crimson imp (D:6)
  A worker ant (D:14)
  A white imp (IceCv)
  2 ufetubi (IceCv)
  2 fungi (Lair:3)
  10 plants
  7 spectral weapons
  A withered plant (D:13)
28 creatures vanquished.

Grand Total: 784 creatures vanquished

Notes
Turn   | Place    | Note
-------+----------+-------------------------------------------
     0 | D:1      | SaintRoka the Gnoll Skald began the quest for the Orb.
     0 | D:1      | Reached XP level 1. HP: 20/20 MP: 6/6
   165 | D:1      | Reached XP level 2. HP: 25/26 MP: 7/7
   169 | D:1      | Learned a level 2 spell: Shroud of Golubria
   430 | D:2      | Reached XP level 3. HP: 24/31 MP: 0/9
   437 | D:2      | Reached skill level 5 in Spellcasting
   659 | D:2      | Found a shimmering altar of Xom.
   760 | D:3      | Reached skill level 1 in Invocations
   766 | D:3      | Learned a level 3 spell: Regeneration
   770 | D:3      | Learned a level 3 spell: Spectral Weapon
   830 | D:3      | Noticed a scorpion
   849 | D:3      | Killed a scorpion
   849 | D:3      | Reached skill level 1 in Short Blades
   849 | D:3      | Reached skill level 1 in Long Blades
   849 | D:3      | Reached skill level 1 in Axes
   849 | D:3      | Reached skill level 1 in Maces & Flails
   849 | D:3      | Reached skill level 1 in Staves
   849 | D:3      | Reached skill level 1 in Slings
   849 | D:3      | Reached skill level 1 in Bows
   849 | D:3      | Reached skill level 1 in Crossbows
   849 | D:3      | Reached skill level 1 in Throwing
   849 | D:3      | Reached skill level 1 in Stealth
   849 | D:3      | Reached skill level 1 in Shields
   849 | D:3      | Reached skill level 1 in Unarmed Combat
   849 | D:3      | Reached skill level 1 in Conjurations
   849 | D:3      | Reached skill level 1 in Hexes
   849 | D:3      | Reached skill level 1 in Summonings
   849 | D:3      | Reached skill level 1 in Necromancy
   849 | D:3      | Reached skill level 1 in Translocations
   849 | D:3      | Reached skill level 1 in Transmutations
   849 | D:3      | Reached skill level 1 in Fire Magic
   849 | D:3      | Reached skill level 1 in Ice Magic
   849 | D:3      | Reached skill level 1 in Air Magic
   849 | D:3      | Reached skill level 1 in Earth Magic
   849 | D:3      | Reached skill level 1 in Poison Magic
   849 | D:3      | Reached skill level 1 in Evocations
   849 | D:3      | Reached XP level 4. HP: 23/38 MP: 3/11
  1037 | D:4      | Reached XP level 5. HP: 43/43 MP: 2/12
  1096 | D:4      | Learned a level 2 spell: Sticks to Snakes
  1109 | D:4      | Learned a level 3 spell: Spider Form
  1302 | D:4      | Noticed Duvessa
  1302 | D:4      | Noticed Dowan
  1321 | D:4      | Killed Duvessa
  1321 | D:4      | Reached XP level 6. HP: 50/50 MP: 5/13
  1340 | D:4      | Killed Dowan
  1340 | D:4      | Reached skill level 5 in Fighting
  1340 | D:4      | Reached skill level 5 in Polearms
  1340 | D:4      | Reached skill level 5 in Dodging
  1461 | D:4      | Noticed Grinder
  1470 | D:4      | Killed Grinder
  1470 | D:4      | Reached XP level 7. HP: 27/56 MP: 2/15
  1517 | D:4      | Found a hazy altar of Hepliaklqana.
  1558 | D:5      | Entered Level 5 of the Dungeon
  1614 | D:5      | Noticed Prince Ribbit
  1639 | D:5      | Killed Prince Ribbit
  1738 | D:4      | Reached XP level 8. HP: 57/63 MP: 12/16
  2102 | D:6      | Noticed Pikel
  2139 | D:6      | Killed Pikel
  2182 | D:6      | Found a staircase to the Ecumenical Temple.
  2196 | Temple   | Entered the Ecumenical Temple
  2266 | Temple   | Became a worshipper of Cheibriados the Contemplative
  2348 | D:6      | Reached XP level 9. HP: 68/69 MP: 14/18
  2355 | D:6      | Learned a level 1 spell: Confusing Touch
  2359 | D:6      | Learned a level 3 spell: Confuse
  2365 | D:6      | Noticed Menkaure
  2381 | D:6      | Killed Menkaure
  2433 | D:6      | Identified the Catalogue of Beguiling and Intoxication
  2604 | D:7      | Reached * piety under Cheibriados
  2625 | D:7      | Reached skill level 5 in Armour
  2877 | D:7      | Found a glowing silver altar of Zin.
  3008 | D:7      | Found Raciajuq's Magic Scroll Emporium.
  3032 | D:7      | Bought a scroll of fear for 45 gold pieces
  3217 | D:8      | Found a sparkling altar of Nemelex Xobeh.
  3263 | D:8      | Reached ** piety under Cheibriados
  3272 | D:8      | Found a hide-covered altar of Uskayaw.
  3279 | D:8      | Reached skill level 5 in Invocations
  3379 | D:8      | Noticed a two-headed ogre
  3391 | D:8      | Killed a two-headed ogre
  3391 | D:8      | Reached XP level 10. HP: 62/77 MP: 14/20
  3462 | D:8      | Noticed a seven-headed hydra
  3728 | D:9      | Noticed Erolcha
  3747 | D:9      | Reached skill level 5 in Short Blades
  3747 | D:9      | Reached skill level 5 in Long Blades
  3747 | D:9      | Reached skill level 5 in Axes
  3747 | D:9      | Reached skill level 5 in Maces & Flails
  3747 | D:9      | Reached skill level 5 in Staves
  3747 | D:9      | Reached skill level 5 in Slings
  3747 | D:9      | Reached skill level 5 in Bows
  3747 | D:9      | Reached skill level 5 in Crossbows
  3747 | D:9      | Reached skill level 5 in Throwing
  3747 | D:9      | Reached skill level 5 in Stealth
  3747 | D:9      | Reached skill level 5 in Shields
  3747 | D:9      | Reached skill level 5 in Unarmed Combat
  3747 | D:9      | Reached skill level 5 in Evocations
  3824 | D:9      | Noticed a two-headed ogre
  3842 | D:9      | Killed a two-headed ogre
  4063 | D:9      | Reached *** piety under Cheibriados
  4099 | D:10     | Entered Level 10 of the Dungeon
  4295 | D:10     | Found a runed translucent door.
  4297 | D:10     | Noticed a centaur warrior
  4312 | D:10     | Noticed a centaur warrior
  4330 | D:10     | Killed a centaur warrior
  4416 | D:10     | Reached XP level 11. HP: 80/84 MP: 19/22
  4604 | D:10     | Reached **** piety under Cheibriados
  4680 | D:10     | Found a staircase to the Orcish Mines.
  4690 | D:10     | Reached skill level 5 in Conjurations
  4690 | D:10     | Reached skill level 5 in Hexes
  4690 | D:10     | Reached skill level 5 in Summonings
  4690 | D:10     | Reached skill level 5 in Necromancy
  4690 | D:10     | Reached skill level 5 in Translocations
  4690 | D:10     | Reached skill level 5 in Transmutations
  4690 | D:10     | Reached skill level 5 in Fire Magic
  4690 | D:10     | Reached skill level 5 in Ice Magic
  4690 | D:10     | Reached skill level 5 in Air Magic
  4690 | D:10     | Reached skill level 5 in Earth Magic
  4690 | D:10     | Reached skill level 5 in Poison Magic
  4728 | Orc:1    | Entered Level 1 of the Orcish Mines
  4979 | D:10     | Noticed a two-headed ogre
  4993 | D:10     | Killed a two-headed ogre
  5146 | D:11     | Noticed a red ugly thing
  5162 | D:11     | Killed a red ugly thing
  5424 | D:12     | Found a shimmering blue altar of Sif Muna.
  5448 | D:12     | Reached XP level 12. HP: 94/94 MP: 24/24
  5562 | D:12     | Noticed a five-headed hydra
  5571 | D:12     | Killed a five-headed hydra
  5956 | D:10     | Reached ***** piety under Cheibriados
  6145 | D:8      | Found a staircase to the Lair.
  6189 | D:8      | Killed a seven-headed hydra
  6189 | D:8      | Reached XP level 13. HP: 97/100 MP: 20/26
  6273 | D:8      | Gained mutation: You do not regenerate when monsters are
                  | visible. [a neqoxec]
  6374 | Lair:1   | Entered Level 1 of the Lair of Beasts
  6601 | Lair:2   | Found a staircase to the Swamp.
  6810 | Lair:3   | Found a staircase to the Snake Pit.
  6933 | Lair:3   | Found a runed translucent gate.
  6933 | Lair:3   | Found a runed translucent gate.
  6933 | Lair:3   | Noticed Vasilisck's ghost (journeyman DEFE)
  6934 | Lair:3   | Found a runed translucent gate.
  7121 | Lair:3   | Learned a level 5 spell: Blade Hands
  7216 | Lair:3   | Killed Vasilisck's ghost
  7513 | Lair:6   | Entered Level 6 of the Lair of Beasts
  7648 | Lair:6   | HP: 5/102 [blink frog (4)]
  7650 | Lair:6   | Reached XP level 14. HP: 35/109 MP: 18/27
  7743 | Lair:6   | Noticed Kirke
  7756 | Lair:6   | Reached skill level 10 in Spellcasting
  7758 | Lair:6   | Killed Kirke
  8001 | Lair:6   | Found a large runed translucent door.
  8002 | Lair:6   | Found a large runed translucent door.
  8016 | Lair:6   | Reached skill level 10 in Fighting
  8016 | Lair:6   | Reached skill level 10 in Polearms
  8016 | Lair:6   | Reached skill level 10 in Dodging
  8813 | Lair:5   | Reached skill level 10 in Invocations
  8898 | Lair:5   | Found a runed translucent door.
  8900 | Lair:5   | Found a viscous altar of Jiyva.
  8901 | Lair:5   | Noticed an acid blob
  8902 | Lair:5   | Found a staircase to the Slime Pits.
  8943 | Lair:4   | Noticed AlterAsc's ghost (journeyman DrTm)
  8964 | Lair:4   | Found a runed translucent gate.
  8964 | Lair:4   | Found a runed translucent gate.
  8964 | Lair:4   | Found a runed translucent gate.
  9037 | Lair:4   | Killed AlterAsc's ghost
  9229 | Lair:4   | Noticed Urug
  9245 | Lair:4   | Killed Urug
  9472 | D:9      | Killed Erolcha
  9550 | Orc:2    | Entered Level 2 of the Orcish Mines
  9570 | Orc:2    | Found a roughly hewn altar of Beogh.
  9596 | Orc:2    | Found a staircase to the Elven Halls.
  9726 | Orc:2    | Noticed an orc warlord
  9738 | Orc:2    | Reached XP level 15. HP: 71/117 MP: 24/29
  9742 | Orc:2    | Killed an orc warlord
  9878 | Orc:2    | Reached skill level 10 in Armour
  9878 | Orc:2    | Paralysed by an orc sorcerer for 7 turns
  9916 | Orc:2    | Found Mighann's Assorted Antiques.
  9916 | Orc:2    | Found Epaps's Assorted Antiques.
  9917 | Orc:2    | Found Daxesmy's Distillery.
  9917 | Orc:2    | Found Wiorod's Gadget Emporium.
  9954 | Orc:2    | Bought a scroll of teleportation for 78 gold pieces
  9954 | Orc:2    | Bought a metal-bound book for 390 gold pieces
  9954 | Orc:2    | Bought a papyrus book for 390 gold pieces
  9954 | Orc:2    | Bought a potion of curing for 78 gold pieces
  9965 | Orc:2    | Bought a potion of curing for 39 gold pieces
  9965 | Orc:2    | Bought a potion of curing for 39 gold pieces
  9965 | Orc:2    | Bought 3 potions of heal wounds for 195 gold pieces
  9965 | Orc:2    | Bought a potion of mutation for 104 gold pieces
  9967 | Orc:2    | Bought a wand of digging (5) for 272 gold pieces
  9971 | Orc:2    | Lost mutation: You do not regenerate when monsters are
                  | visible. [potion of mutation]
  9971 | Orc:2    | Gained mutation: You have sharp toenails. [potion of
                  | mutation]
  9971 | Orc:2    | Gained mutation: You do not regenerate when monsters are
                  | visible. [potion of mutation]
  9971 | Orc:2    | Gained mutation: Your system is resistant to poisons.
                  | (rPois) [potion of mutation]
 10561 | D:13     | Found Womaalea's Assorted Antiques.
 10568 | D:13     | Bought a scroll of blinking for 195 gold pieces
 10643 | D:13     | Learned a level 1 spell: Apportation
 10699 | D:13     | Reached skill level 10 in Charms
 10733 | D:13     | Found a runed translucent door.
 10733 | D:13     | Noticed Dirphi Vium's ghost (journeyman MiBe)
 10876 | D:13     | Reached skill level 10 in Short Blades
 10876 | D:13     | Reached skill level 10 in Long Blades
 10876 | D:13     | Reached skill level 10 in Axes
 10876 | D:13     | Reached skill level 10 in Maces & Flails
 10876 | D:13     | Reached skill level 10 in Staves
 10876 | D:13     | Reached skill level 10 in Slings
 10876 | D:13     | Reached skill level 10 in Bows
 10876 | D:13     | Reached skill level 10 in Crossbows
 10876 | D:13     | Reached skill level 10 in Throwing
 10876 | D:13     | Reached skill level 10 in Stealth
 10876 | D:13     | Reached skill level 10 in Shields
 10876 | D:13     | Reached skill level 10 in Unarmed Combat
 10876 | D:13     | Reached skill level 10 in Evocations
 10898 | D:13     | Noticed Maurice
 10905 | D:13     | Killed Maurice
 11162 | D:14     | Found a gate to the Vaults.
 11263 | D:14     | Found a frozen archway.
 11347 | IceCv    | Entered an ice cave
 11582 | IceCv    | Reached XP level 16. HP: 95/125 MP: 31/31
 11617 | IceCv    | Got a crystal demon blade
 11618 | IceCv    | Identified the +2 demon blade of Dithmenos's Esteem
                  | {freeze, Dex+4} (You found it in an ice cave)
 11818 | D:14     | Found Hupnonne's Distillery.
 11826 | D:14     | Bought a potion of heal wounds for 75 gold pieces
 11826 | D:14     | Bought a potion of curing for 45 gold pieces
 11926 | D:15     | Entered Level 15 of the Dungeon
 12924 | D:2      | Noticed Jessica
 12927 | D:2      | Killed Jessica
 12983 | D:2      | Noticed Terence
 12987 | D:2      | Killed Terence
 13375 | D:3      | Found a radiant altar of Vehumet.
 15526 | Lair:1   | Noticed Erica
 15527 | Lair:1   | Noticed Harold
 15544 | Lair:1   | Killed Erica
 15548 | Lair:1   | Killed Harold
 17352 | Snake:1  | Entered Level 1 of the Snake Pit
 19970 | Swamp:1  | Entered Level 1 of the Swamp
 20335 | Swamp:2  | HP: 3/126 [alligator (8)]
 20492 | Swamp:1  | Learned a level 4 spell: Summon Lightning Spire
 20675 | Swamp:3  | Slain by a shambling mangrove

Levels and vault maps discovered:
D:1:      onia_arrival_handbag, layout_loops_ring
D:2:      layout_basic, marbit_many_paths, uniq_jessica, uniq_terence
D:3:      layout_loops_corners, old_standard_altar, minmay_misc_feat_alley,
          minmay_misc_feat_tower
D:4:      layout_basic, lemuel_round_altar, uniq_grinder, uniq_duvessa
D:5:      layout_gridville, first_ration, uniq_prince_ribbit1
D:6:      layout_cave_pools, temple_fountains, uniq_menkaure, uniq_pikel
D:7:      layout_loops_ring, basic_altar, serial_shops, nicolae_shop_stone
D:8:      layout_loops_cross, eat_drink_and_be_merry_uskayaw,
          grunt_lair_entry_orc_guard_hut, basic_altar, minmay_diamond_spiral
D:9:      layout_long_grid, uniq_erolcha
D:10:     layout_rooms, erik_orc_1, grunt_livestock, small_chamber_with_monster,
          minmay_st_funbox
D:11:     layout_irregular_city
D:12:     layout_roguey, basic_altar, serial_rivers,
          chequers_serial_rivers_micro_b, chequers_serial_rivers_room_b,
          chequers_serial_rivers_small_b, chequers_serial_rivers_room_b
D:13:     layout_roguey, serial_shops, nicolae_shop_crystal,
          gammafunk_ghost_grave, uniq_maurice
D:14:     layout_rooms, erik_vaults_1, lemuel_tele_altar,
          portal_ice_cave_entry_animals_and_master, serial_shops, shop
D:15:     hangedman_depths_entry_civil_slaughter, layout_long_grid,
          minmay_misc_feat_iff, ebering_ghost_disaster_area, serial_shops,
          nicolae_shop_behind_doors
Temple:   dpeg_five_rooms_temple
Lair:1:   layout_long_grid, worms_lemuel, uniq_erica, uniq_harold
Lair:2:   layout_regular_city, skrybe_swamp_entry_bodies, beast_lair_carwin_10,
          grunt_megastairs_4
Lair:3:   layout_loops_ring, minmay_snake_entry_guardpost_small,
          gammafunk_ghost_hydra_chop, eino_house_with_fridge
Lair:4:   layout_cave_pods, maelrawn_ghost_gauntlet_escape, uniq_urug
Lair:5:   layout_cave_pods, slime_altar_2
Lair:6:   cheibrodos_lair_end_hotspot, layout_gridlike,
          chequers_serial_rivers_room_a, serial_bayou_pond_a, uniq_kirke
Swamp:1:  layout_falls_marsh, evilmike_swamp_ruin_house_4, swamp_pool1,
          infiniplex_staircase_pool
Swamp:2:  layout_basic_swamp, infiniplex_staircase_pool_2, swamp_pool5,
          uniq_jorgrun
Swamp:3:  layout_basic_swamp, evilmike_swamp_ruin_house_5, swamp_pool1,
          nicolae_swamp_dense_foliage, uniq_donald
Snake:1:  layout_grid_maze, serial_bayou_shore_b
Orc:1:    layout_diamond_mine
Orc:2:    st_orc_elflike, layout_caves, basic_altar, nicolae_orc_damp_corner

Skill      XL: |  1  2  3  4  5  6  7  8  9 10 11 12 13 14 15 16 |
---------------+-------------------------------------------------+-----
Spellcasting   | 5 6 7 8 9 10 11 | 11.7
Invocations    | 1 2 3 4 5 6 7 8 9 10 11 | 11.6
Short Blades   | 1 2 3 4 5 7 8 9 10 | 10.8
Long Blades    | 1 2 3 4 5 7 8 9 10 | 10.8
Axes           | 1 2 3 4 5 7 8 9 10 | 10.8
Maces & Flails | 1 2 3 4 5 7 8 9 10 | 10.8
Staves         | 1 2 3 4 5 7 8 9 10 | 10.8
Slings         | 1 2 3 4 5 7 8 9 10 | 10.8
Bows           | 1 2 3 4 5 7 8 9 10 | 10.8
Crossbows      | 1 2 3 4 5 7 8 9 10 | 10.8
Throwing       | 1 2 3 4 5 7 8 9 10 | 10.8
Stealth        | 1 2 3 4 5 7 8 9 10 | 10.8
Shields        | 1 2 3 4 5 7 8 9 10 | 10.8
Unarmed Combat | 1 2 3 4 5 7 8 9 10 | 10.8
Conjurations   | 1 2 3 4 5 6 7 8 9 |  9.1
Hexes          | 1 2 3 4 5 6 7 8 9 |  9.1
Summonings     | 1 2 3 4 5 6 7 8 9 |  9.1
Necromancy     | 1 2 3 4 5 6 7 8 9 |  9.1
Translocations | 1 2 3 4 5 6 7 8 9 |  9.1
Transmutations | 1 2 3 4 5 6 7 8 9 |  9.1
Fire Magic     | 1 2 3 4 5 6 7 8 9 |  9.1
Ice Magic      | 1 2 3 4 5 6 7 8 9 |  9.1
Air Magic      | 1 2 3 4 5 6 7 8 9 |  9.1
Earth Magic    | 1 2 3 4 5 6 7 8 9 |  9.1
Poison Magic   | 1 2 3 4 5 6 7 8 9 |  9.1
Evocations     | 1 2 3 4 5 7 8 9 10 | 10.8
Armour         | 3 4 5 6 7 8 9 10 11 | 11.1
Fighting       | 5 6 7 8 9 10 11 | 11.6
Polearms       | 5 6 7 8 9 10 11 | 11.6
Dodging        | 5 6 7 8 9 10 11 | 11.6
Charms         | 6 7 8 9 10 | 10.6

Action                   |  1- 3 |  4- 6 |  7- 9 | 10-12 | 13-15 | 16-18 || total
-------------------------+-------+-------+-------+-------+-------+-------++-------
Melee: Spear             |    27 |       |   156 |   269 |       |       ||   452
       Bite              |     6 |     3 |    25 |    88 |   223 |    70 ||   415
       Short sword       |    43 |    69 |   114 |       |       |       ||   226
       Punch             |       |     1 |       |       |     1 |       ||     2
       Unarmed           |       |    11 |       |       |    13 |       ||    24
       Morningstar       |       |       |       |    70 |    20 |       ||    90
       War axe           |       |       |       |   166 |   131 |       ||   297
       Broad axe         |       |       |       |       |   829 |   412 ||  1241
Throw: Dart              |       |     1 |     4 |    12 |       |       ||    17
 Cast: Infusion          |     9 |     3 |     1 |     2 |       |     1 ||    16
       Shroud of Golubri |     5 |     4 |     9 |     5 |     1 |       ||    24
       Spectral Weapon   |     1 |     5 |    24 |    24 |    16 |    15 ||    85
       Regeneration      |     1 |     2 |     9 |     8 |    51 |    19 ||    90
       Sticks to Snakes  |       |     3 |     1 |     2 |     1 |     4 ||    11
       Spider Form       |       |     1 |       |       |     1 |       ||     2
       Confuse           |       |       |     1 |     8 |     1 |       ||    10
       Confusing Touch   |       |       |       |     1 |     1 |     1 ||     3
       Blade Hands       |       |       |       |       |     1 |       ||     1
       Apportation       |       |       |       |       |       |     9 ||     9
Invok: Bend Time         |       |       |       |     6 |    13 |     7 ||    26
       Slouch            |       |       |       |     1 |    19 |     6 ||    26
       Temporal Distorti |       |       |       |       |     5 |     5 ||    10
 Abil: End Transformatio |       |       |       |       |     2 |       ||     2
Evoke: Wand              |       |       |     4 |       |     7 |     5 ||    16
  Use: Potion            |     1 |       |     8 |     1 |    13 |     7 ||    30
       Scroll            |       |       |    10 |     5 |    14 |     7 ||    36
 Stab: Sleeping          |       |       |     3 |     3 |       |       ||     6
       Confused          |       |       |     2 |     7 |     2 |     2 ||    13
       Distracted        |       |       |     1 |     3 |     3 |     3 ||    10
       Petrified         |       |       |       |       |     1 |       ||     1
  Eat: Chunk             |       |     2 |     8 |     6 |     7 |    11 ||    34
       Ration            |       |       |       |       |     4 |     3 ||     7
Armor: Leather armour    |    16 |     5 |    27 |     2 |       |       ||    50
       Skin              |       |    39 |       |       |       |       ||    39
       Troll leather arm |       |       |       |    21 |       |       ||    21
       Plate armour      |       |       |       |    83 |   304 |   150 ||   537
Dodge: Dodged            |    69 |    43 |   171 |   329 |   741 |   346 ||  1699
Block: Buckler           |       |    11 |    34 |    47 |       |       ||    92
       Shield            |       |       |       |   165 |   805 |   320 ||  1290
